 Dungeon Crawl Stone Soup version 0.27-a0-1090-gb115f176c6 (webtiles) character file.

Game seed: 1214145603016104117

25152 robertstho the Eclecticist (level 13, -10/90 HPs)
             Began as a Djinni Fire Elementalist on Apr 27, 2021.
             Was a Priest of Ashenzari.
             Shot with an arrow by a centaur warrior (18 damage)
             ... on level 13 of the Dungeon.
             The game lasted 00:32:04 (13332 turns).

robertstho the Eclecticist (DjFE)                  Turns: 13332, Time: 00:32:05

Health: -10/90     AC:  5    Str:  7    XL:     13   Next: 17%
Gold:   1629       EV: 14    Int: 25    God:    Ashenzari [***...] SH:  0 Dex: 11

rFire    + + +     SeeInvis +   H - +1 trident "Omniscient Gnosis" {vamp, Evo, Self} (curse)
rCold    x x x     Faith    .   (no shield)
rNeg     + . .     Spirit   .   p - +0 steam dragon scales "Gaze Upon Infinity" {Fort, Evo} (curse)
rPois    ∞         Reflect  .   (no helmet)
rElec    .         Harm     .   (no cloak)
rCorr    .         Rampage  .   (no gloves)
Will     +....     Clarity  +   (boots unavailable)
Stlth    +++.......             n - amulet of Ashenzari's Ennui {Regen+, Melee, Fort} (curse)
HPRegen  1.25/turn              e - ring "Augurer of Ashenzari" {Fire rPois rN+ Int+4 Dex-4, Evo, Self} (curse)
MPRegen  0.00/turn              t - ring of Ashenzari's Secrets {Fire, Fort, Evo} (curse)

@: flying
A: fire resistance 2, cold vulnerability 1, float, innate caster, hp casting,
extra vitality 1
a: Renounce Religion, Curse Item, Shatter the Chains


You were on level 13 of the Dungeon.
You worshipped Ashenzari.
Ashenzari was most pleased with you.
You visited 2 branches of the dungeon, and saw 14 of its levels.
You also visited: Ossuary.

You collected 1815 gold pieces.
You spent 186 gold pieces at shops.

Inventory:

Hand Weapons
 i - a +0 dagger of freezing
 H - the cursed +1 trident "Omniscient Gnosis" (weapon) {vamp, Evo, Self}
   (You took it off Harold on level 7 of the Dungeon)

   It inflicts no extra harm, but heals its wielder when it wounds a living foe.
   It has a curse which improves the following skills: Evocations: Evocations.
   Introspection: Fighting and Spellcasting.
Missiles
 g - a throwing net
 m - 8 javelins
Armour
 a - +0 acid dragon scales
 p - the cursed +0 steam dragon scales "Gaze Upon Infinity" (worn) {Fort, Evo}
   (You found it on level 8 of the Dungeon)

   It has a curse which improves the following skills: Fortitude: Armour and
   Shields.
   Evocations: Evocations.
Jewellery
 e - the cursed ring "Augurer of Ashenzari" (left hand) {Fire rPois rN+ Int+4 Dex-4, Evo, Self}
   (You found it on level 7 of the Dungeon)

   [ring of fire]

   It enhances your fire magic.
   It affects your intelligence (+4).
   It affects your dexterity (-4).
   It protects you from fire.
   It makes you vulnerable to cold.
   It protects you from poison.
   It protects you from negative energy.
   It has a curse which improves the following skills: Evocations: Evocations.
   Introspection: Fighting and Spellcasting.
 n - the cursed amulet of Ashenzari's Ennui (around neck) {Regen+, Melee, Fort}
   (You took it off an orc on level 3 of the Dungeon)

   [amulet of regeneration]

   It increases your rate of health regeneration.
   It has a curse which improves the following skills: Melee Combat: Short
   Blades, Long Blades, Axes, Maces & Flails, Polearms, Staves and Unarmed
   Combat.
   Fortitude: Armour and Shields.
 t - the cursed ring of Ashenzari's Secrets (right hand) {Fire, Fort, Evo}
   (You found it on level 10 of the Dungeon)

   [ring of fire]

   It enhances your fire magic.
   It protects you from fire.
   It makes you vulnerable to cold.
   It has a curse which improves the following skills: Fortitude: Armour and
   Shields.
   Evocations: Evocations.
 w - a ring of positive energy
 y - a ring of positive energy
Wands
 k - a wand of iceblast (10)
 A - a wand of paralysis (22)
 B - a wand of acid (11)
 G - a wand of digging (6)
Scrolls
 j - 4 scrolls of silence
 o - a scroll of teleportation
 s - 2 scrolls of enchant armour
 u - 2 scrolls of immolation
 v - 3 scrolls of fear
 x - 3 scrolls of fog
 z - 3 scrolls of torment
Potions
 b - 9 potions of curing
 c - 3 potions of heal wounds
 d - 3 potions of brilliance
 f - 4 potions of haste
 h - a potion of magic
 l - 2 potions of cancellation
 q - 4 potions of attraction
 r - a potion of resistance
 C - 3 potions of might


   Skills:
 + Level 4.3(7.1) Fighting
 + Level 2.4(4.0) Polearms
 + Level 6.1 Dodging
 + Level 5.4 Stealth
 + Level 15.9(18.3) Spellcasting
 + Level 1.2(4.0) Evocations


You had 14 spell levels left.
You knew the following spells:

 Your Spells              Type           Power      Damage    Failure   Level
a - Foxfire               Conj/Fire      100%       2x1d9     0%          1
b - Conjure Flame         Conj/Fire      100%       6-21      0%          3
c - Inner Flame           Hex/Fire       100%       N/A       0%          3
d - Sticky Flame          Conj/Fire      100%       2d11      0%          4
e - Fireball              Conj/Fire      65%        3d25      1%          5
f - Sandblast             Erth           100%       2d20      0%          1
g - Poisonous Vapours     Pois/Air       100%       N/A       0%          2
h - Tukima's Dance        Hex            85%        N/A       0%          3
i - Spider Form           Tmut/Pois      42%        N/A       0%          3
j - Airstrike             Air            42%        N/A       0%          4
k - Agony                 Necr           85%        N/A       1%          5
Your spell library was empty.

Dungeon Overview and Level Annotations

Branches:
Dungeon (13/15)            Temple (1/1) D:7            Lair (0/6) D:10
    Orc (0/2) D:12        Ossuary (visited)
 Vaults: D:13-14

Altars:
Ashenzari
Elyvilon
Kikubaaqudgha
Makhleb
Nemelex Xobeh
Qazlal
Trog
Vehumet
Zin
The Shining One

Shops:
D:5 *

Annotations:
D:7 Atlas's ghost, novice DjAE


Innate Abilities, Weirdness & Mutations

You are immune to poison.
Your flesh is very heat resistant. (rF++)
You are vulnerable to cold. (rC-)
You float through the air rather than walking.
You learn spells naturally, not from books.
Your magical power is your life essence.
You have superior vitality. (+4 HP)


Message History

The centaur wields a +0 shortbow.
The centaur shoots an arrow.
The arrow hits you!
A centaur comes into view.
The centaur warrior wields a +0 shortbow.
The centaur warrior shoots an arrow.
The arrow hits you!!
Casting: Fireball (safe; 1% risk of failure)
Confirm with . or Enter, or press ? or * to list all spells.
Aiming: Fireball (safe; 1% risk of failure)
Press: ? - help, Shift-Dir - straight line You feel a strong surge of power!
The fireball explodes!
The fireball engulfs the centaur!!
You kill the centaur!
You hear a shout!
The centaur wields a +0 shortbow.
The centaur shoots an arrow.
The arrow misses you.
The centaur wields a +3 shortbow.
The centaur shoots an arrow.
The arrow hits you!
The centaur warrior shoots an arrow.
The arrow hits you!
The centaur shoots an arrow.
The arrow hits you!
* * * LOW HITPOINT WARNING * * *
Unknown command.
Casting: Fireball (safe; 1% risk of failure)
Confirm with . or Enter, or press ? or * to list all spells.
Aiming: Fireball (safe; 1% risk of failure)
Press: ? - help, Shift-Dir - straight line You feel a strong surge of power!
The fireball explodes!
The fireball engulfs the centaur warrior!!
The centaur warrior is heavily wounded.
* * * LOW HITPOINT WARNING * * *
The centaur shoots an arrow.
The arrow hits you!
* * * LOW HITPOINT WARNING * * *
The centaur warrior shoots an arrow.
The arrow hits you.
* * * LOW HITPOINT WARNING * * *
Unknown command.
You feel much better.
The centaur warrior shoots an arrow.
The arrow closely misses you.
The centaur shoots an arrow.
The arrow hits you!
* * * LOW HITPOINT WARNING * * *
The centaur shoots an arrow.
The arrow hits you!
* * * LOW HITPOINT WARNING * * *
The centaur warrior shoots an arrow.
The arrow hits you!!
You die...

* * #..... * * #.....# ,
,#..... , ,#.cc)c#..#
,,#..... * ,
#.....#..##..#.....
#.....#..##..#..... ,,,
∆#.....#......#..... *
#.....#......#..... * ####
#.....#..#...#..... .....
#.@...#..#...#.....
......#'#####..#...#.....
,...................#.....
*
...................######
..............####.......
...#..........# #.......
.. #..........# #....... .
............####.......
........................


You could see a centaur warrior and 2 centaurs.

Vanquished Creatures
  Frances (D:13)
  Harold (D:7)
  2 hydras
  A boulder beetle (D:13)
  A catoblepas (D:12)
  4 two-headed ogres
  3 skeletal warriors (D:12)
  A flayed ghost (D:9)
  A deep elf pyromancer (D:13)
  An oklob plant (D:10)
  A cyclops (D:11)
  Joseph (D:7)
  3 gargoyles
  Psyche (D:9)
  An unseen horror (D:12)
  2 trolls
  6 slime creatures
  A meliai zombie (D:10)
  A vampire (D:11)
  2 wyverns
  12 yaks
  2 wraiths
  2 steam dragons
  4 vampire mosquitoes
  4 acid dragons
  2 water moccasins
  2 ice beasts (D:7)
  8 orc warriors
  2 black bears
  2 ogres (D:6)
  A necrophage (D:3)
  3 centaurs
  A kobold brigand (D:9)
  A gnoll sergeant (D:8)
  7 scorpions
  2 hornet simulacra (D:7)
  21 killer bees
  A water moccasin skeleton (D:6)
  2 electric eels (D:8)
  5 wights (D:7)
  5 howler monkeys
  11 centaur zombies
  3 hounds
  2 human zombies (Ossuary)
  A wyvern simulacrum (D:7)
  A centaur skeleton (D:6)
  6 orc priests
  3 jellies
  A bullfrog skeleton (D:6)
  A gnoll shaman (D:8)
  Jessica (D:2)
  2 iguanas
  Natasha (thrice) (D:2)
  6 scorpion zombies (Ossuary)
  13 orc wizards
  A killer bee zombie (D:8)
  A centaur simulacrum (D:7)
  4 mummies
  A killer bee simulacrum (D:7)
  2 howler monkey zombies
  7 gnolls (D:8)
  A howler monkey skeleton (D:4)
  4 adders
  3 white imps
  An adder skeleton (D:4)
  3 worms
  7 dart slugs
  41 orcs
  8 ball pythons
  9 endoplasms
  2 giant cockroaches
  2 gnoll zombies (Ossuary)
  9 goblins
  8 hobgoblins
  4 jackals (D:1)
  3 quokkas (D:1)
  11 bats
  5 frilled lizards
  2 goblin zombies (Ossuary)
  6 hobgoblin zombies
  9 kobolds
  3 kobold zombies
  An orc zombie (Ossuary)
  9 rats
345 creatures vanquished.

Vanquished Creatures (collateral kills)
  A foxfire (Ossuary)
1 creature vanquished.

Vanquished Creatures (others)
  A scorpion (Ossuary)
  805 foxfires
  10 plants
816 creatures vanquished.

Grand Total: 1162 creatures vanquished

Notes
Turn   | Place    | Note
-------+----------+-------------------------------------------
     0 | D:1      | robertstho the Djinni Fire Elementalist began the quest for
                  | the Orb.
     0 | D:1      | Reached XP level 1. HP: 15/15 MP: 0/0
    31 | D:1      | Reached skill level 3 in Spellcasting
    31 | D:1      | Reached XP level 2. HP: 11/21 MP: 0/0
   887 | D:1      | Reached XP level 3. HP: 20/25 MP: 0/0
   887 | D:1      | Learned a level 1 spell: Sandblast
  1593 | D:2      | Noticed Jessica
  1596 | D:2      | Killed Jessica
  1597 | D:2      | Reached skill level 4 in Spellcasting
  1597 | D:2      | Reached XP level 4. HP: 18/31 MP: 0/0
  2384 | D:2      | Reached XP level 5. HP: 32/35 MP: 0/0
  2384 | D:2      | Learned a level 2 spell: Poisonous Vapours
  2523 | D:2      | Noticed Natasha
  2527 | D:2      | Killed Natasha
  2822 | D:2      | Noticed Natasha
  2828 | D:2      | Killed Natasha
  2905 | D:2      | Noticed Natasha
  2925 | D:2      | Killed Natasha
  3595 | D:3      | Noticed a necrophage
  4098 | D:3      | Killed a necrophage
  4099 | D:3      | Reached skill level 5 in Spellcasting
  4099 | D:3      | Reached XP level 6. HP: 36/40 MP: 0/0
  4513 | D:3      | Found a faded altar of an unknown god.
  4916 | D:4      | Reached XP level 7. HP: 45/45 MP: 0/0
  4916 | D:4      | Learned a level 3 spell: Tukima's Dance
  4982 | D:4      | Found a sand-covered staircase.
  4988 | D:4      | Reached skill level 6 in Spellcasting
  4994 | Ossuary  | Entered an ossuary
  5205 | Ossuary  | Reached XP level 8. HP: 39/51 MP: 0/0
  5214 | Ossuary  | Reached skill level 7 in Spellcasting
  5216 | Ossuary  | Reached skill level 1 in Fighting
  5663 | D:4      | Found a bloodstained altar of Trog.
  5663 | D:4      | Found a glowing silver altar of Zin.
  5666 | D:4      | Found a white marble altar of Elyvilon.
  5681 | D:4      | Found a glowing golden altar of the Shining One.
  5682 | D:4      | Found a burning altar of Makhleb.
  5683 | D:4      | Found a sparkling altar of Nemelex Xobeh.
  6265 | D:5      | Entered Level 5 of the Dungeon
  6296 | D:5      | Reached skill level 8 in Spellcasting
  6441 | D:5      | Found Zahullet's General Store.
  6451 | D:5      | Bought a scroll of torment for 82 gold pieces
  6451 | D:5      | Bought a scroll of fear for 38 gold pieces
  6451 | D:5      | Bought a potion of heal wounds for 55 gold pieces
  6451 | D:5      | Bought a scroll of noise for 11 gold pieces
  6972 | D:6      | Reached XP level 9. HP: 56/59 MP: 0/0
  6972 | D:6      | Learned a level 3 spell: Spider Form
  6987 | D:6      | Reached skill level 9 in Spellcasting
  7523 | D:7      | Noticed Joseph
  7528 | D:7      | Killed Joseph
  7586 | D:7      | Noticed Harold
  7593 | D:7      | Killed Harold
  7594 | D:7      | Reached skill level 10 in Spellcasting
  7627 | D:7      | Reached XP level 10. HP: 50/66 MP: 0/0
  7923 | D:7      | Found a runed translucent gate.
  7924 | D:7      | Found a runed translucent gate.
  7924 | D:7      | Found a runed translucent gate.
  7958 | D:7      | Noticed Atlas's ghost (novice DjAE)
  8109 | D:7      | Found a staircase to the Ecumenical Temple.
  8191 | Temple   | Entered the Ecumenical Temple
  8203 | Temple   | Became a worshipper of Ashenzari the Shackled
  8273 | D:7      | Reached skill level 11 in Spellcasting
  8417 | D:7      | Identified the ring of Rogyux {Fire rPois rN+ Int+4 Dex-4}
  9298 | D:9      | Reached * piety under Ashenzari
  9326 | D:9      | Reached skill level 12 in Spellcasting
  9437 | D:9      | Reached XP level 11. HP: 65/71 MP: 0/0
  9437 | D:9      | Learned a level 4 spell: Airstrike
  9489 | D:9      | Noticed Psyche
  9492 | D:9      | Killed Psyche
  9634 | D:9      | Noticed a two-headed ogre
  9638 | D:9      | Killed a two-headed ogre
  9820 | D:9      | Noticed a flayed ghost
  9822 | D:9      | Killed a flayed ghost
  9823 | D:9      | Reached skill level 13 in Spellcasting
  9823 | D:9      | Reached skill level 1 in Evocations
 10062 | D:10     | Entered Level 10 of the Dungeon
 10416 | D:10     | Reached skill level 5 in Stealth
 10613 | D:10     | Noticed an oklob plant
 10615 | D:10     | Found a staircase to the Lair.
 10618 | D:10     | Killed an oklob plant
 11099 | D:11     | Reached ** piety under Ashenzari
 11159 | D:11     | Reached skill level 1 in Polearms
 11175 | D:11     | Identified the +4 dagger "Tibasseniu" {speed, Str+5}
 11225 | D:11     | Noticed a two-headed ogre
 11227 | D:11     | Killed a two-headed ogre
 11228 | D:11     | Reached skill level 5 in Dodging
 11287 | D:11     | Noticed a four-headed hydra
 11293 | D:11     | Killed a four-headed hydra
 11294 | D:11     | Reached skill level 14 in Spellcasting
 11294 | D:11     | Reached XP level 12. HP: 72/80 MP: 0/0
 11324 | D:11     | Noticed a two-headed ogre
 11328 | D:11     | Killed a two-headed ogre
 11889 | D:12     | Noticed a catoblepas
 11893 | D:12     | Killed a catoblepas
 12066 | D:12     | Noticed an eight-headed hydra
 12068 | D:12     | Killed an eight-headed hydra
 12159 | D:12     | Reached *** piety under Ashenzari
 12297 | D:12     | Reached skill level 15 in Spellcasting
 12443 | D:12     | Found a staircase to the Orcish Mines.
 12679 | D:13     | Noticed a two-headed ogre
 12683 | D:13     | Killed a two-headed ogre
 12729 | D:13     | Noticed a boulder beetle
 12733 | D:13     | Killed a boulder beetle
 12848 | D:13     | Reached XP level 13. HP: 81/89 MP: 0/0
 12848 | D:13     | Learned a level 5 spell: Agony
 12989 | D:13     | Identified a scroll of acquirement
 13007 | D:13     | Noticed Frances
 13012 | D:13     | Killed Frances
 13146 | D:13     | HP: 3/90 [very large slime creature (50)]
 13160 | D:13     | Acquired 828 gold pieces
 13331 | D:13     | HP: 1/90 [centaur warrior/arrow (4)]
 13332 | D:13     | Shot with an arrow by a centaur warrior

Illustrated notes

Levels and vault maps discovered:
D:1:      grunt_arrival_crossed_arrows, layout_rooms
D:2:      layout_basic, uniq_jessica, uniq_natasha
D:3:      layout_basic, hellmonk_ecumenical_altar_zigzags,
          hangedman_decor_growths
D:4:      layout_basic, grunt_temple_overflow_open, nicolae_ossuary_entry_giza
D:5:      layout_loops_cross, serial_shops, nicolae_shop_statue_plus
D:6:      layout_loops_cross
D:7:      layout_basic, temple_hall, gammafunk_ghost_icy, st_stairs_8,
          uniq_joseph, uniq_harold
D:8:      layout_basic, minmay_tree_intersection
D:9:      nzn_winding_woodlands_three_and_one
          [nzn_winding_woodlands_5x15_default,
          nzn_winding_woodlands_5x15_parted, nzn_winding_woodlands_5x15_garden,
          nzn_winding_woodlands_center_diamonds], layout_loops_ring, uniq_psyche
D:10:     layout_roguey, dpeg_oklobed_lair, st_stairs_6,
          minmay_increasing_density
D:11:     layout_irregular_city
D:12:     layout_loops_cross, david_orc_4
D:13:     layout_stronghold, david_vaults_5, uniq_frances
Temple:   nicolae_temple_elliptical

Skill      XL: |  1  2  3  4  5  6  7  8  9 10 11 12 |
---------------+-------------------------------------+-----
Spellcasting   | 3 4 5 6 8 10 12 14 15 | 15.9
Stealth        | 2 3 4 5 |  5.4
Dodging        | 3 4 5 6 |  6.1
Fighting       | 2 3 4 |  4.3
Evocations     | 1 |  1.2
Polearms       | 1 2 |  2.4

Action                   |  1- 3 |  4- 6 |  7- 9 | 10-12 | 13-15 || total
-------------------------+-------+-------+-------+-------+-------++-------
Melee: Trident           |       |       |       |     4 |     1 ||     5
 Cast: Foxfire           |    92 |   174 |   226 |     7 |     2 ||   501
       Sticky Flame      |       |     1 |    20 |    21 |     2 ||    44
       Fireball          |       |       |    18 |   198 |    16 ||   232
       Conjure Flame     |       |       |       |     1 |       ||     1
Invok: Curse Item        |       |       |       |     5 |       ||     5
Evoke: Wand              |       |       |       |     4 |       ||     4
  Use: Potion            |       |     1 |     1 |     2 |     2 ||     6
       Scroll            |       |     3 |     8 |     1 |     3 ||    15
Armor: Robe              |       |     2 |    16 |     1 |       ||    19
       Steam dragon scal |       |       |       |    13 |       ||    13
Dodge: Dodged            |     4 |    10 |    46 |    40 |     2 ||   102

Table legend: (Time is in decaauts)
 A = Elapsed time spent in this place.
 B = Non-inter-level travel time spent in this place.
 C = Inter-level travel time spent in this place.
 D = Time resting spent in this place.
 E = Time spent auto-exploring this place.
 F = Levels seen in this place.
 G = Mean time per level.
                   A        B        C        D        E       F      G
               +--------+--------+--------+--------+--------+-----+--------+
         Total |  13341 |  12961 |    380 |    504 |  10679 |  15 |  889.4 |
       Dungeon |  12801 |  12431 |    370 |    471 |  10463 |  13 |  984.7 |
        Temple |     35 |     26 |      9 |      0 |     10 |   1 |   35.0 |
       Ossuary |    503 |    503 |      0 |     33 |    206 |   1 |  503.0 |
               +--------+--------+--------+--------+--------+-----+--------+

Top non-repeatable levels by time:
     D:2: 2087 daAuts
     D:1: 1593 daAuts
     D:3: 1115 daAuts
    D:10: 993 daAuts
     D:4: 946 daAuts
     D:9: 946 daAuts
     D:7: 896 daAuts
    D:12: 840 daAuts
    D:11: 750 daAuts
    D:13: 712 daAuts
     D:5: 668 daAuts
     D:6: 633 daAuts
     D:8: 616 daAuts
 Ossuary: 503 daAuts
  Temple: 35 daAuts
